 Dungeon Crawl Stone Soup version 0.31.0-11-ge490571c62 (webtiles) character file.

Game seed: 18326139996209189798

121 groovy9 the Chopper (level 5, -2/47 HPs)
             Began as a Hill Orc Fighter on Jan 31, 2024.
             Splashed by a jelly's acid (9 damage)
             ... on level 2 of the Dungeon.
             The game lasted 00:03:31 (1148 turns).

groovy9 the Chopper (Hill Orc Fighter)              Turns: 1148, Time: 00:03:32

Health: -2/47      AC:  0    Str: 21    XL:     5   Next: 5%
Magic:  5/5        EV:  5    Int:  8    God:
Gold:   68         SH:  4    Dex: 10    Spells: 4/4 levels left

rFire   . . .        a - +0 war axe
rCold   . . .        c - +0 buckler
rNeg    . . .        g - +0 plate armour
rPois   .            (no helmet)
rElec   .            (no cloak)
rCorr   .            (no gloves)
SInv    .            (no boots)
Will    .....        (no amulet) Stlth
                     (no ring)
HPRegen 0.27/turn    (no ring)
MPRegen 0.09/turn

%: no passive effects
@: mighty, corroded
A: no striking features
a: no special abilities


You were on level 2 of the Dungeon.
You visited 1 branch of the dungeon, and saw 2 of its levels.

You collected 68 gold pieces.

Inventory:

Hand Weapons
 a - a +0 war axe (weapon)
Armour
 c - a +0 buckler (worn)
 g - a +0 plate armour (worn)
Scrolls
 b - a scroll of torment {unknown}
 e - a scroll of enchant weapon {unknown}
 f - 3 scrolls of identify {unknown}
 i - a scroll of enchant armour {unknown}
Potions
 h - a potion of curing {unknown}
 j - a potion of cancellation {unknown}


   Skills:
 + Level 4.8 Fighting
 * Level 5.6 Axes
 - Level 3.2 Armour
 - Level 3.2 Shields


You had 4 spell levels left.
You didn't know any spells.
Your spell library contained the following spells:

 Spells                   Type           Power      Damage    Failure   Level
 Cigotuvi's Dreadful Rot  Necr/Alch/Air  0%         N/A       100%        2
 Dispel Undead            Necr           0%         3d6       100%        4
 Martyr's Knell           Necr/Summ      0%         N/A       100%        4
 Death Channel            Necr           0%         N/A       100%        6


Dungeon Overview and Level Annotations

Branches:
Dungeon (2/15)

Altars:
Ashenzari
Gozag
Qazlal
Trog
Uskayaw
Vehumet


Message History

You are too injured to fight recklessly!
A nearby fungus withers and dies.
You are too injured to fight recklessly!
You are too injured to fight recklessly!
You hit the endoplasm.
The endoplasm is lightly wounded.
The endoplasm freezes you.
You are frozen.
You slash the jelly!
Your hands burn!
The jelly is moderately wounded.
You hit the jelly. The acid corrodes you!
Your hands burn!
The jelly is severely wounded.
The jelly closely misses you. You block the jelly's attack.
You hit the jelly.
Your hands burn!
The jelly is almost dead.
The jelly barely misses you.
You hit the jelly but do no damage.
Your hands burn!
The jelly is almost dead.
The jelly hits you but does no damage.
You hit the jelly.
Your hands burn!
The jelly is almost dead.
The jelly hits you but does no damage.
You feel very mighty all of a sudden. The jelly hits you but does no damage.
You slash the jelly!
You kill the jelly!
The jelly hits you but does no damage.
You have reached level 5!
You feel stronger.
You hit the jelly. The acid corrodes you!
Your hands burn!
The jelly is heavily wounded.
The jelly hits you.
You are splashed with acid!
* * * LOW HITPOINT WARNING * * *
You hit the jelly. The acid corrodes you!
Your hands burn!
* * * LOW HITPOINT WARNING * * *
The jelly is almost dead.
The jelly hits you.
* * * LOW HITPOINT WARNING * * *
The acid corrodes you!
You are splashed with acid!
You die...

#.# ###########..##. #.
#.#### $.._...P.##..##. .
#.#..# ..._._.P.##..##.#
#.#..# .P._._..÷###.##.#
#)#..# ....÷P...###.##.# ##
#....#
.P.P.J...##..##<####.
##...#
÷....JJ..##....).).). #.†.#
#######J# #.....####.
#†..###..)@JJ## #.....# ##.
#...##.######## #.....# #..
#...###..'....# #.....###.#
#...######....# #.....##..#
#.##.##.......# #.....##.##
#.#..##.......# #......#.#
#....##.......# #........#
#....##...†...###...(...##
#....###.....###.##.....###


You could see a jelly and 2 endoplasms.

Vanquished Creatures
  A jelly (D:2)
  2 adders (D:2)
  A dart slug (D:2)
  4 ribbon worms (D:2)
  3 ball pythons
  2 bats
  7 endoplasms
  2 giant cockroaches (D:2)
  5 goblins
  2 hobgoblins
  5 jackals (D:1)
  A quokka (D:1)
  2 frilled lizards (D:1)
  15 kobolds
  4 rats
56 creatures vanquished.

Notes
Turn   | Place    | Note
-------+----------+-------------------------------------------
     0 | D:1      | groovy9 the Hill Orc Fighter began the quest for the Orb.
     0 | D:1      | Reached XP level 1. HP: 19/19 MP: 1/1
    57 | D:1      | Reached skill level 3 in Axes
    74 | D:1      | Reached XP level 2. HP: 27/27 MP: 2/2
   293 | D:1      | Reached skill level 4 in Axes
   296 | D:1      | Reached XP level 3. HP: 33/33 MP: 3/3
   319 | D:1      | You fall into a shaft and drop 1 floor!
   326 | D:2      | Found an opulent altar of Gozag.
   393 | D:1      | Found a faded altar of an unknown god.
   931 | D:2      | Reached XP level 4. HP: 23/41 MP: 4/4
  1021 | D:2      | Reached skill level 5 in Axes
  1128 | D:2      | Found a bloodstained altar of Trog.
  1128 | D:2      | Found a stormy altar of Qazlal.
  1128 | D:2      | Found a hide-covered altar of Uskayaw.
  1128 | D:2      | Found a radiant altar of Vehumet.
  1128 | D:2      | Found a broken altar of Ashenzari.
  1128 | D:2      | Found an opulent altar of Gozag.
  1147 | D:2      | Reached XP level 5. HP: 25/47 MP: 5/5
  1148 | D:2      | Splashed by a jelly's acid

Illustrated notes

Levels and vault maps discovered:
D:1:      dpeg_arrival_leaves_temple_mockup, layout_basic,
          basic_ecumenical_altar, minmay_misc_feat_encased, nicolae_titane
D:2:      cheibrodos_fertilizer, layout_rooms, basic_altar, amethyst_killhole

Skill      XL: |  1  2  3  4 |
---------------+-------------+-----
Axes           | 3 4 5 |  5.6
Fighting       | 4 |  4.8
Armour         | |  3.2
Shields        | |  3.2

Action                     |  1- 3 |  4- 6 || total
---------------------------+-------+-------++-------
  Melee: War axe           |    85 |    38 ||   123
    Use: Potion            |       |     1 ||     1
 Armour: Scale mail        |     9 |       ||     9
         Plate armour      |    54 |    33 ||    87
  Dodge: Dodged            |    24 |     8 ||    32
  Block: Buckler           |    14 |     7 ||    21
